 Dungeon Crawl Stone Soup version 0.29.0-10-g45618ea6d2 (webtiles) character file.

Game seed: 1134366733484607264

1760218 tilp the Axe Maniac (level 26, 239/239 HPs)
             Began as a Minotaur Berserker on Sept 1, 2022.
             Was a High Priest of Trog.
             Escaped with the Orb
             ... and 3 runes!
             The game lasted 02:18:52 (63573 turns).

tilp the Axe Maniac (Minotaur Berserker)           Turns: 63573, Time: 02:18:52

Health: 239/239    AC: 37    Str: 33    XL:     26   Next: 88%
Magic:  5/5        EV: 18    Int: 11    God:    Trog [*****.]
Gold:   3699       SH:  5    Dex: 15    Spells: 25/25 levels left

rFire   + + +      SeeInvis +   a - +9 executioner's axe (antimagic)
rCold   + + .      Faith    .   (shield currently unavailable)
rNeg    + . .      Spirit   .   e - +0 gold dragon scales
rPois   +          Reflect  +   H - +2 hat
rElec   +          Harm     .   m - +2 cloak
rCorr   +          Rampage  .   D - +1 pair of gloves of the Winnowing Gods {rF+ rCorr}
Will    +++..                   K - +2 pair of boots of Refuge {rN+ Will+}
Stlth   ..........              M - amulet "Cempit" {Reflect Fragile rC+ Regen+ Int+9 SH+5}
HPRegen 1.29/turn               U - ring of see invisible
MPRegen 0.09/turn               x - ring "Uridiwk" {*Corrode rElec rF+ Will+ Dex+6}

@: no status effects
A: horns 2, retaliatory headbutt, clumsy 1, dopey 1, frail 1, low MP 3,
screaming 1, no potion heal 1, subdued magic 2
0: Orb of Zot
}: 3/15 runes: decaying, serpentine, silver
a: Renounce Religion, Berserk, Trog's Hand, Brothers in Arms


You escaped.
You worshipped Trog.
Trog was extremely pleased with you.
You visited 10 branches of the dungeon, and saw 50 of its levels.
You visited the Abyss 2 times.
You also visited: Gauntlet, Ice Cave and Desolation.

You collected 8738 gold pieces.
You spent 5039 gold pieces at shops.

Inventory:

Hand Weapons
 a - a +9 antimagic executioner's axe (weapon)
 b - the +14 broad axe of the Orange Skies {vorpal, rElec rPois rF-}
   (Trog gifted it to you on level 3 of the Lair of Beasts)

   It inflicts extra damage upon your enemies.
   rF:        It makes you vulnerable to fire.
   rElec:     It insulates you from electricity.
   rPois:     It protects you from poison.
Missiles
 n - 4 throwing nets
 o - 24 boomerangs (quivered)
 L - 14 curare-tipped darts
 Y - 22 javelins
 Z - 2 silver javelins
Armour
 e - +0 gold dragon scales (worn)
 i - a +2 kite shield of reflection
 m - a +2 cloak (worn)
 w - a +4 plate armour of fire resistance
 D - the +1 pair of gloves of the Winnowing Gods (worn) {rF+ rCorr}
   (You acquired it on level 4 of the Vaults)

   rF:        It protects you from fire.
   rCorr:     It protects you from acid and corrosion.
 H - a +2 hat (worn)
 K - the +2 pair of boots of Refuge (worn) {rN+ Will+}
   (You found it in a Gauntlet)

   rN:        It protects you from negative energy.
   Will:      It increases your willpower.
Jewellery
 g - the ring "Kistrem" {rPois rCorr}
   (You found it in the Desolation of Salt)

   [ring of poison resistance]

   rPois:     It protects you from poison.
   rCorr:     It protects you from acid and corrosion.
 x - the ring "Uridiwk" (right hand) {*Corrode rElec rF+ Will+ Dex+6}
   (You bought it in a shop on level 2 of the Orcish Mines)

   [ring of dexterity]

   Dex:       It affects your dexterity (+6).
   rF:        It protects you from fire.
   rElec:     It insulates you from electricity.
   *Corrode:  It may corrode you when you take damage.
   Will:      It increases your willpower.
 M - the amulet "Cempit" (around neck) {Reflect Fragile rC+ Regen+ Int+9 SH+5}
   (You took it off a deep elf high priest on level 5 of the Vaults)

   [amulet of reflection]

   It reflects blocked missile attacks.
   Int:       It affects your intelligence (+9).
   rC:        It protects you from cold.
   Regen:     It increases your rate of health regeneration.
   Fragile:   It will be destroyed if unequipped.
   SH:        It affects your SH (+5).
 U - a ring of see invisible (left hand)
 V - the ring of Desertification {rC+ rN++ Will+++ Int-3 Slay-4}
   (You took it off a necromancer on level 5 of the Vaults)

   [ring of protection from cold]

   Int:       It affects your intelligence (-3).
   Slay:      It affects your accuracy & damage with ranged weapons and melee
   (-4).
   rC:        It protects you from cold.
   rN:        It greatly protects you from negative energy.
   Will:      It greatly increases your willpower.
 X - a ring of protection from fire
Wands
 k - a wand of quicksilver (28)
 A - a wand of polymorph (4)
 G - a wand of digging (5)
 I - a wand of flame (46)
 O - a wand of charming (35)
 P - a wand of iceblast (27)
 S - a wand of mindburst (44)
Scrolls
 f - a scroll of silence
 p - 6 scrolls of fear
 t - a scroll of magic mapping
 B - 15 scrolls of teleportation
 E - 7 scrolls of butterflies
 F - 2 scrolls of blinking
 T - 2 scrolls of summoning
Potions
 c - 4 potions of invisibility
 d - 11 potions of haste
 h - 5 potions of lignification
 j - 3 potions of resistance
 l - a potion of ambrosia
 q - 28 potions of curing
 r - 7 potions of attraction
 u - 19 potions of flight
 y - 7 potions of mutation
 z - 2 potions of might
 N - 5 potions of cancellation
 Q - 2 potions of heal wounds
Miscellaneous
 s - a lightning rod (4/4)
 v - a phantom mirror
 C - a phial of floods (inert)
 J - a box of beasts (inert)
 R - a condenser vane
 W - a tin of tremorstones (2/2)


   Skills:
 O Level 27 Fighting
 O Level 27 Axes
 - Level 16.0 Throwing
 - Level 22.0 Armour
 + Level 23.6 Dodging
 - Level 8.0 Stealth
 - Level 12.0 Shields
 + Level 17.0 Evocations


You had 25 spell levels left.
You didn't know any spells.
Your spell library was empty.

Dungeon Overview and Level Annotations

Branches:
Dungeon (15/15)            Temple (0/1) D:4            Lair (5/5) D:9
  Swamp (4/4) Lair:3        Snake (4/4) Lair:3        Slime (0/5) Lair:5
    Orc (2/2) D:11            Elf (3/3) Orc:2        Vaults (5/5) D:13
  Crypt (3/3) Vaults:3       Tomb (0/3) Crypt:3      Depths (4/4) D:15
    Zot (5/5) Depths:4      IceCv (visited)         Desolation (visited)
Gauntlet (visited)

Altars:
Ashenzari
Elyvilon
Kikubaaqudgha
Nemelex Xobeh
Okawaru
Qazlal
Ru
Sif Muna
Trog
Uskayaw
Vehumet
Wu Jian
Xom
Yredelemnul
Jiyva

Shops:
D:2 (   D:7 ?   D:10 =   D:11 =   D:14 [([(   Orc:1 =   Orc:2 ==?[   Elf:1 =
Elf:3 =   Snake:4 *   Vaults:2 *   Vaults:4 [   Vaults:5 (   Depths:3 :

Portals:
Hell: Depths:1 Depths:2 Depths:3 Depths:4
Abyss: Orc:1 Depths:3
Pandemonium: Depths:2
Ziggurat: Depths:4

Annotations:
Elf:2 3 runed translucent doors
Zot:5 6 transporters


Innate Abilities, Weirdness & Mutations

You have a pair of horns on your head.
You reflexively headbutt those who attack you in melee.
You are clumsy. (Dex -2)
You are dopey. (Int -2)
You are frail. (-10% HP)
Your magical capacity is extremely low. (-30% MP)
You occasionally shout uncontrollably at your foes.
Potions are less effective at restoring your health.
Your spells are easier to cast, but less powerful.


Message History

You open the red devil like a pillowcase!!!
You kill the red devil!
Trog accepts your kill.
You see here a +0 demon trident.
There is a fountain of clear blue water here.
There is an escape hatch in the floor here.
There is a fountain of clear blue water here.
A ynoxinul comes into view.
The ynoxinul gestures.
There is an open door here.
You cut the ufetubus into ribbons!!!
You kill the ufetubus!
The ufetubus disappears in a puff of smoke!
You closely miss the ynoxinul. You headbutt the ynoxinul.
The ynoxinul is lightly wounded.
The ynoxinul closely misses you. You furiously retaliate!
You headbutt the ynoxinul!
You open the ynoxinul like a pillowcase!!!!
You kill the ynoxinul!
Trog accepts your kill.
The ufetubus disappears in a puff of smoke!
An Orb Guardian comes into view.
You feel yourself speed up. The Orb Guardian completely misses you.
The Orb Guardian hits you!!
The Orb Guardian hits you but does no damage.
The Orb Guardian hits you but does no damage.
You open the Orb Guardian like a pillowcase!!!
You headbutt the Orb Guardian!
You kill the Orb Guardian!
Trog accepts your kill.
Your phantom mirror has recharged.
Your Evocations skill increases to level 17!
There is an open door here.
There is an open door here.
There is a staircase leading out of the dungeon here.
You start resting.
You recover from your berserk rage.
You start resting.
HP restored.
You have escaped!

..##...........^.....###.##.#.##.
..##.............###..##.##.#.##.
..##..........#### ##.##.##.#.###
#######....+#.#######.##.##.#....
#....+.............##.#####
#....##.#######.#..##'#....
#.......#####..............
#########...##.............
#..@..#.............
######.....######........
###...###...###...###...###
##.......##'##.......##..#
#.........#.#.........#..#
#.........'.'.........#..# #
#.........#.#.........#..# #
##.......##'##.......##..# #
###...####.####...###...# #


There were no monsters in sight!

Vanquished Creatures
  4 dread liches (Vaults:5)
  Tiamat (Zot:4)
  3 ancient liches (Zot:5)
  Mara (Swamp:3)
  5 orbs of fire (Zot:5)
  Sojobo (Vaults:3)
  Saint Roka (Depths:2)
  2 Killer Klowns (Zot:5)
  Margery (Depths:3)
  Vashnia (Snake:2)
  Xtahua (Vaults:4)
  A curse toe (Zot:5)
  3 pandemonium lords
  4 caustic shrikes (Depths:3)
  5 golden dragons
  Nikola (Snake:3)
  A profane servitor (Crypt:3)
  Jory (Vaults:4)
  the Enchantress (Depths:2)
  A bone dragon (Crypt:3)
  2 electric golems (Zot:5)
  8 tentacled monstrosities
  Jorgrun (Swamp:1)
  2 Hell Sentinels
  28 Orb Guardians
  5 liches
  4 titans (Vaults:5)
  2 deep elf master archers (Elf:3)
  6 quicksilver dragons
  3 deep elf blademasters (Elf:3)
  2 Executioners
  6 death cobs
  A walking divine tome (Depths:3)
  4 sphinxes
  6 ancient champions
  2 tentacled starspawn (Abyss:2)
  8 tengu reavers
  10 storm dragons
  7 shadow dragons
  Roxanne (Snake:1)
  2 thorn hunters
  Donald (Crypt:2)
  A fenstrider witch (shapeshifter) (Vaults:5)
  2 draconian monks
  Kirke (Lair:4)
  6 revenants
  15 nagarajas (Snake:4)
  5 fire giants
  8 frost giants
  2 draconian knights (Zot:5)
  A daeva (D:2)
  Aizul (Vaults:4)
  2 orc warlords
  16 vault wardens
  2 draconian scorchers
  The ghost of PigKeeper the Fencer, an adept TeBe of Trog (Snake:3)
  6 deep elf sorcerers
  4 imperial myrmidons (Desolation)
  An iron dragon (Depths:3)
  A juggernaut zombie (Depths:2)
  4 cacodemons
  3 curse skulls
  An angel (Depths:3)
  9 ghouls
  5 draconian stormcallers
  2 deep elf elementalists (Elf:3)
  3 draconian shifters
  3 reapers
  20 ironbound preservers
  10 very ugly things
  A caustic shrike skeleton (Depths:2)
  8 spriggan defenders
  4 war gargoyles
  10 stone giants
  The ghost of blexxed the Severer, a journeyman DsFi of Okawaru (Orc:1)
  8 vampire knights
  8 ironbound thunderhulks
  Nessos (Lair:5)
  A black draconian (Zot:5)
  2 green draconians
  6 eleionomae
  A minotaur (Gauntlet)
  6 deep elf demonologists
  7 deep elf annihilators (Elf:3)
  2 bunyips
  6 dire elephants
  5 red draconians
  4 entropy weavers
  A white draconian (Zot:5)
  4 purple draconians
  5 spark wasps
  2 blizzard demons
  Snorg (D:12)
  2 yellow draconians (Zot:2)
  10 ettins
  3 green deaths
  5 crystal guardians
  7 deep elf death magi
  3 eidola
  8 fire dragons
  17 jiangshi
  6 great orbs of eyes
  Josephine (Orc:1)
  10 ragged hierophants (Desolation)
  41 vault guards
  3 deep elf high priests
  8 rakshasas
  Erolcha (Orc:2)
  A caustic shrike simulacrum (IceCv)
  6 ice dragons
  7 servants of whispers (Desolation)
  11 yaktaur captains
  9 anacondas
  7 peacekeepers
  6 boulder beetles
  A catoblepas (shapeshifter) (Depths:2)
  2 salamander tyrants (Snake:2)
  2 ironbound frosthearts
  Fannar (Orc:1)
  2 catoblepae (Lair:5)
  2 ghost crabs (Swamp:4)
  7 spriggan air magi
  11 hydras
  5 deep troll shamans
  12 centaur warriors
  4 two-headed ogres
  5 death knights
  11 dancing weapons
  2 death yaks (shapeshifter)
  20 naga warriors
  7 alligators
  3 vampire magi
  10 death yaks (Lair:5)
  3 thrashing horrors
  10 deep troll earth magi
  3 tengu warriors
  8 shock serpents
  Urug (D:12)
  A shock serpent (shapeshifter) (Elf:3)
  6 spriggan berserkers
  21 hell knights
  13 naga sharpshooters
  7 deep elf knights
  A soul eater (Depths:4)
  27 skeletal warriors
  8 shadow wraiths
  A sun demon (Depths:2)
  A wretched star (Abyss:2)
  9 iron trolls
  A spatial maelstrom (Abyss:2)
  2 fire crabs (shapeshifter)
  Lodul (D:12)
  3 goliath frogs
  A glowing orange brain (D:15)
  5 spriggan druids
  4 flayed ghosts
  9 salamander mystics
  52 deep trolls
  11 deep elf archers
  4 swamp dragons
  7 wizards
  15 ironbound convokers
  An obsidian statue (Depths:4)
  A bunyip skeleton (Crypt:1)
  3 spectral hydras (Swamp:4)
  6 naga ritualists
  15 lindwurms
  A swamp dragon (shapeshifter) (Elf:2)
  7 bog bodies
  Pikel (D:6)
  32 deep elf pyromancers
  20 phantasmal warriors
  27 deep elf zephyrmancers
  13 necromancers
  4 orc knights
  6 mana vipers
  A moth of wrath (shapeshifter) (Depths:2)
  30 salamanders
  A tengu skeleton (Vaults:5)
  27 ugly things
  4 cyclopes
  14 orc sorcerers
  2 iron dragon skeletons
  A jorogumo skeleton (Crypt:1)
  A will-o-the-wisp (Swamp:4)
  7 manticores
  A stone giant skeleton (Crypt:1)
  A worldbinder (Orc:1)
  18 vault sentinels
  6 moths of wrath
  3 rust devils
  16 elephants
  7 guardian serpents
  30 black mambas
  Joseph (D:9)
  A toenail golem (D:14)
  A smoke demon (Depths:4)
  2 gargoyles
  12 naga magi
  12 cane toads
  A molten gargoyle (Desolation)
  2 orange demons
  A hellion (Depths:4)
  A cane toad (shapeshifter) (D:15)
  3 swamp worm zombies (Swamp:4)
  A shock serpent skeleton (Crypt:1)
  2 unseen horrors
  10 komodo dragons
  24 yaktaurs
  3 rime drakes
  3 tengu conjurers
  2 demonic crawlers (D:14)
  2 tormentors
  A rime drake (shapeshifter) (D:15)
  6 freezing wraiths
  An ice devil (Depths:2)
  3 golden dragon simulacra
  A grey draconian skeleton (Crypt:1)
  4 ancient zymes
  A death yak skeleton (Crypt:2)
  2 komodo dragons (shapeshifter)
  An anaconda simulacrum (IceCv)
  4 red devils
  3 hydra zombies (Swamp:4)
  5 hellwings
  A queen bee (Gauntlet)
  A red draconian skeleton (Crypt:1)
  3 polar bears
  A shadow dragon simulacrum (Depths:2)
  A bloated husk (Swamp:1)
  A harpy zombie (Crypt:1)
  10 tyrant leeches
  14 hornets
  51 saltlings (Desolation)
  5 trolls
  A human skeleton (Vaults:5)
  A raiju (Gauntlet)
  3 spectral swamp dragons (Swamp:4)
  11 blink frogs
  A hydra skeleton (Crypt:1)
  2 alligator zombies (Swamp:4)
  38 slime creatures
  2 spriggan zombies
  54 flying skulls (Crypt:3)
  3 centaur simulacra
  19 spriggans
  15 wraiths
  2 air elementals
  9 shadows
  3 water elementals
  7 large abominations
  11 wyverns
  34 yaks
  Eustachio (D:5)
  2 ynoxinuls
  2 fire elementals (Elf:1)
  A vampire (D:11)
  A naga simulacrum (Crypt:3)
  3 basilisks
  15 small abominations
  3 golden eyes (D:2)
  6 hogs (Lair:4)
  7 humans (D:13)
  4 steam dragons
  9 redbacks
  26 vampire mosquitoes
  2 neqoxecs (Depths:4)
  3 wargs
  3 chaos spawn
  A glowing shapeshifter zombie (Crypt:1)
  2 spatial vortices (Abyss:2)
  12 swamp worms
  34 nagas
  A water moccasin (shapeshifter) (Vaults:4)
  An acid dragon (D:12)
  Duvessa (D:5)
  17 water moccasins
  A hornet zombie (Crypt:2)
  4 black bears
  3 ice beasts
  A sky beast (D:7)
  18 orc warriors
  3 alligator simulacra (IceCv)
  4 swamp dragon zombies (Swamp:4)
  An ice dragon simulacrum (Gauntlet)
  30 wolves
  7 boggarts (Vaults:3)
  10 ogres
  A blink frog skeleton (Crypt:1)
  7 centaurs
  4 kobold brigands
  A lemure (D:6)
  4 phantoms
  9 bullfrogs
  2 earth elementals
  10 necrophages
  A wyvern zombie (D:8)
  A yaktaur zombie (Crypt:2)
  3 scorpions
  7 wights
  Dowan (D:5)
  24 killer bees
  7 electric eels
  A howler monkey (shapeshifter) (Depths:1)
  8 howler monkeys
  3 centaur zombies (D:8)
  16 starcursed masses (Abyss:2)
  2 crimson imps (D:14)
  A gnoll bouda (D:6)
  16 jellies
  3 quasits
  2 human zombies
  15 orc priests
  11 hounds
  2 centaur skeletons
  2 iguanas (D:5)
  3 iron imps (D:14)
  31 orc wizards
  Jessica (D:3)
  Terence (D:2)
  2 spectral swamp drakes (Swamp:4)
  A lightning spire (Gauntlet)
  Natasha (thrice) (D:2)
  A killer bee zombie (D:8)
  An ogre zombie (Crypt:1)
  2 mummies (D:8)
  A howler monkey zombie (D:8)
  11 gnolls
  4 river rats (D:14)
  6 adders
  5 shadow imps
  7 white imps
  5 ufetubi
  A lava snake zombie (Crypt:2)
  An adder skeleton (Crypt:2)
  4 worms
  2 dart slugs
  68 orcs
  6 ball pythons
  4 bats
  A bat skeleton (Crypt:2)
  A bat zombie (Crypt:2)
  10 endoplasms
  6 giant cockroaches
  3 hobgoblins
  2 jackals (D:3)
  20 kobolds
  3 quokkas
  A frilled lizard (D:3)
  2 goblins
  4 rats
  9 briar patches (Swamp:3)
  A bush (Lair:4)
  2 butterflies (D:4)
  2 starspawn tentacles (Abyss:2)
2261 creatures vanquished.

Vanquished Creatures (collateral kills)
  Bai Suzhen (Snake:3)
  A bone dragon (Swamp:4)
  An Ice Fiend (D:2)
  A tengu reaver (Vaults:3)
  A demonspawn warmonger (Zot:4)
  A draconian knight (Zot:4)
  A yaktaur captain (Vaults:5)
  A hydra (Lair:3)
  A naga warrior (Snake:3)
  A spriggan berserker (Swamp:2)
  A hell knight (Depths:3)
  A goliath frog (Swamp:2)
  A shadow demon (Zot:4)
  A deep troll (Depths:3)
  An ironbound convoker (Desolation)
  A necromancer (Depths:3)
  An anaconda simulacrum (IceCv)
  A tarantella (Vaults:3)
  2 saltlings (Desolation)
  2 blink frogs (Lair:3)
  A water moccasin (Lair:3)
  A small abomination (D:2)
24 creatures vanquished.

Vanquished Creatures (others)
  A ghost moth (Zot:5)
  A reaper (D:2)
  A stone giant (Depths:3)
  2 deep elf knights (Elf:1)
  A deep elf pyromancer (Elf:1)
  A wizard (D:7)
  A tengu conjurer (Depths:1)
  6 bloated husks
  A golden eye (D:2)
  A large abomination (D:2)
  A warg (Depths:2)
  A small abomination (Depths:3)
  A boggart (Vaults:3)
  2 phantoms (Swamp:4)
  2 orc wizards
  8 foxfires (Swamp:4)
  19 fungi
  41 plants
  5 starspawn tentacles (Abyss:2)
96 creatures vanquished.

Grand Total: 2381 creatures vanquished

Notes
Turn   | Place    | Note
-------+----------+-------------------------------------------
     0 | D:1      | tilp the Minotaur Berserker began the quest for the Orb.
     0 | D:1      | Reached XP level 1. HP: 19/19 MP: 0/0
   637 | D:1      | Reached XP level 2. HP: 27/27 MP: 1/1
  1055 | D:2      | Noticed Natasha
  1060 | D:2      | Noticed a crimson imp
  1061 | D:2      | Killed Natasha
  1062 | D:2      | Reached skill level 5 in Axes
  1062 | D:2      | Reached XP level 3. HP: 33/33 MP: 2/2
  1192 | D:2      | Found a faded altar of an unknown god.
  1355 | D:2      | Found Hicil's Antique Weapon Boutique.
  1398 | D:2      | Noticed Terence
  1404 | D:2      | Killed Terence
  1405 | D:2      | Reached XP level 4. HP: 40/40 MP: 3/3
  1596 | D:2      | Noticed Natasha
  1601 | D:2      | Killed Natasha
  2051 | D:2      | Found Hicil's Antique Weapon Boutique.
  2125 | D:2      | Found a faded altar of an unknown god.
  2459 | D:2      | Noticed Natasha
  2465 | D:2      | Killed Natasha
  2504 | D:3      | Reached XP level 5. HP: 46/46 MP: 4/4
  2567 | D:3      | Reached ** piety under Trog
  2780 | D:3      | Noticed Jessica
  2792 | D:3      | Killed Jessica
  2793 | D:3      | Reached skill level 1 in Throwing
  2798 | D:3      | Found a shimmering blue altar of Sif Muna.
  2887 | D:3      | Found a white marble altar of Elyvilon.
  3044 | D:3      | Reached skill level 1 in Stealth
  3229 | D:4      | Found a staircase to the Ecumenical Temple.
  3243 | D:4      | Reached XP level 6. HP: 53/53 MP: 5/5
  3824 | D:5      | Entered Level 5 of the Dungeon
  3824 | D:5      | Noticed Duvessa
  3824 | D:5      | Noticed Dowan
  3830 | D:5      | Killed Duvessa
  3837 | D:5      | Killed Dowan
  3838 | D:5      | Reached XP level 7. HP: 60/60 MP: 6/6
  3987 | D:5      | Identified the +5 ring mail of Feasting {rF+ Str+4 Int+2}
  4030 | D:5      | Noticed a steam dragon
  4040 | D:5      | Killed a steam dragon
  4041 | D:5      | Reached skill level 5 in Fighting
  4187 | D:5      | Noticed Eustachio
  4218 | D:5      | Killed Eustachio
  4219 | D:5      | Reached XP level 8. HP: 69/70 MP: 7/7
  4626 | D:6      | Reached *** piety under Trog
  4656 | D:6      | Noticed Pikel
  4673 | D:6      | Reached skill level 1 in Evocations
  4681 | D:6      | Killed Pikel
  4682 | D:6      | Reached skill level 5 in Armour
  4756 | D:6      | Found a sparkling altar of Nemelex Xobeh.
  4802 | D:6      | Reached skill level 5 in Dodging
  4802 | D:6      | Reached XP level 9. HP: 61/78 MP: 8/8
  5542 | D:7      | Found a bloodstained altar of Trog.
  5543 | D:7      | Noticed a wizard
  5549 | D:7      | Killed a wizard
  5583 | D:7      | Found Eqeafeof's Magic Scroll Emporium.
  5599 | D:7      | Reached skill level 10 in Axes
  6016 | D:7      | Found a broken altar of Ashenzari.
  6016 | D:7      | Found a sacrificial altar of Ru.
  6114 | D:7      | Noticed a +0 dagger
  6115 | D:7      | Noticed a +0 hand axe
  6121 | D:7      | Found a hide-covered altar of Uskayaw.
  6300 | D:7      | Bought a scroll of identify for 22 gold pieces
  6300 | D:7      | Bought a scroll of vulnerability for 44 gold pieces
  6300 | D:7      | Bought a scroll of identify for 22 gold pieces
  6300 | D:7      | Bought a scroll of amnesia for 44 gold pieces
  6300 | D:7      | Bought a scroll of identify for 22 gold pieces
  6300 | D:7      | Bought a scroll of identify for 22 gold pieces
  6352 | D:8      | Reached **** piety under Trog
  6587 | D:8      | Found a shimmering altar of Xom.
  6590 | D:8      | Found a shimmering altar of Xom.
  6591 | D:8      | Found a shimmering altar of Xom.
  6591 | D:8      | Found a shimmering altar of Xom.
  6591 | D:8      | Found a shimmering altar of Xom.
  6591 | D:8      | Found a shimmering altar of Xom.
  6591 | D:8      | Found a shimmering altar of Xom.
  6881 | D:8      | Noticed a cane toad
  7084 | D:8      | Reached XP level 10. HP: 88/88 MP: 9/9
  7144 | D:8      | Found a basalt altar of Yredelemnul.
  7157 | D:8      | Reached ***** piety under Trog
  7527 | D:9      | Noticed Joseph
  7569 | D:9      | Reached skill level 5 in Throwing
  7639 | D:9      | Killed Joseph
  7803 | D:9      | Reached XP level 11. HP: 82/97 MP: 10/10
  8063 | D:9      | Found a staircase to the Lair.
  8367 | D:9      | Identified a scroll of acquirement
  8369 | D:9      | Acquired a manual of Fighting
  8410 | D:10     | Entered Level 10 of the Dungeon
  8455 | D:10     | Noticed a two-headed ogre
  8588 | D:10     | Reached skill level 10 in Fighting
  8594 | D:10     | Found Roytrin's Jewellery Shop.
  8600 | D:10     | Reached skill level 5 in Evocations
  8782 | D:10     | Killed a two-headed ogre
  9022 | D:10     | Received a gift from Trog
  9421 | D:11     | Noticed a two-headed ogre
  9430 | D:11     | Killed a two-headed ogre
  9539 | D:11     | Found a staircase to the Orcish Mines.
  9889 | D:11     | Found a stormy altar of Qazlal.
  9940 | D:11     | Found Coxteuc's Jewellery Shop.
  9946 | D:11     | Bought a ring of poison resistance for 300 gold pieces
  9999 | D:11     | Noticed a two-headed ogre
 10006 | D:11     | Killed a two-headed ogre
 10697 | Lair:1   | Entered Level 1 of the Lair of Beasts
 10988 | Lair:1   | Reached XP level 12. HP: 113/113 MP: 11/11
 11008 | Lair:1   | Noticed a six-headed hydra
 11147 | Lair:1   | Killed a six-headed hydra
 11820 | Lair:2   | Noticed an eight-headed hydra
 11827 | Lair:2   | Killed a nine-headed hydra
 11889 | Lair:2   | Found a basalt altar of Yredelemnul.
 12154 | Lair:2   | Found an ornate altar of the Wu Jian Council.
 12157 | Lair:2   | Found a hide-covered altar of Uskayaw.
 12157 | Lair:2   | Noticed a boulder beetle
 12169 | Lair:2   | Killed a boulder beetle
 12578 | Lair:3   | Noticed a four-headed hydra
 12591 | Lair:3   | Killed an eight-headed hydra
 12803 | Lair:3   | Found a staircase to the Snake Pit.
 12813 | Lair:3   | Found a staircase to the Swamp.
 12818 | Lair:3   | Reached XP level 13. HP: 103/125 MP: 12/12
 12826 | Lair:3   | Identified the +14 broad axe of the Orange Skies {vorpal,
                  | rElec rPois rF-} (Trog gifted it to you on level 3 of the
                  | Lair of Beasts)
 12826 | Lair:3   | Received a gift from Trog
 12827 | Lair:3   | Reached skill level 10 in Dodging
 13120 | Lair:3   | Reached skill level 15 in Fighting
 13120 | Lair:3   | Reached skill level 15 in Axes
 13639 | Lair:4   | Noticed Kirke
 13646 | Lair:4   | Noticed a sphinx
 13652 | Lair:4   | Killed Kirke
 13830 | Lair:5   | Entered Level 5 of the Lair of Beasts
 13866 | Lair:5   | Found a gate leading to a gauntlet.
 13923 | Gauntlet | Entered a Gauntlet
 13923 | Gauntlet | Found a transporter.
 13935 | Gauntlet | Found a transporter.
 13936 | Gauntlet | Found a transporter.
 13940 | Gauntlet | Found a transporter.
 13947 | Gauntlet | Found a transporter.
 13947 | Gauntlet | Found a transporter.
 13948 | Gauntlet | Found a transporter.
 13959 | Gauntlet | Found a transporter.
 13960 | Gauntlet | Found a transporter.
 13960 | Gauntlet | Found a transporter.
 13964 | Gauntlet | Found a runed translucent door.
 13968 | Gauntlet | Found a transporter.
 13970 | Gauntlet | Found a runed translucent door.
 13971 | Gauntlet | Found a transporter.
 13972 | Gauntlet | Found a transporter.
 13980 | Gauntlet | Found a transporter.
 14233 | Gauntlet | Noticed a minotaur
 14241 | Gauntlet | Killed a minotaur
 14245 | Gauntlet | Identified the +2 pair of boots of Refuge {rN+ Will+}
 14245 | Gauntlet | Identified the +4 short sword "Haifieg" {vorpal, Stlth+}
 14245 | Gauntlet | Identified the +5 quarterstaff of the Postmodern Mouths
                  | {speed, rElec rPois Will+}
 14420 | Lair:5   | Found a staircase to the Slime Pits.
 14424 | Lair:5   | Found a viscous altar of Jiyva.
 14532 | Lair:5   | Received a gift from Trog
 14829 | Lair:5   | Reached XP level 14. HP: 122/143 MP: 13/13
 14908 | Lair:5   | Noticed Nessos
 14934 | Lair:5   | Killed Nessos
 16003 | Orc:1    | Entered Level 1 of the Orcish Mines
 16011 | Orc:1    | Noticed an orc warlord
 16061 | Orc:1    | Noticed blexxed's ghost (journeyman DsFi)
 16108 | Orc:1    | Found a transporter.
 16229 | Orc:1    | Found Pulu's Jewellery Boutique.
 16372 | Orc:2    | Entered Level 2 of the Orcish Mines
 16426 | Orc:1    | Noticed Josephine
 16431 | Orc:1    | Killed Josephine
 16547 | Orc:2    | Noticed an orc warlord
 16574 | Orc:2    | Killed an orc warlord
 16691 | Orc:2    | Found a staircase to the Elven Halls.
 16728 | Orc:2    | Received a gift from Trog
 17073 | Orc:1    | Noticed Fannar
 17080 | Orc:1    | Killed Fannar
 17360 | Orc:2    | Paralysed by an orc sorcerer for 2 turns
 17399 | Orc:2    | Found an ancient bone altar of Kikubaaqudgha.
 17407 | Orc:2    | Found Hiteisch's Magic Scroll Shoppe.
 17414 | Orc:2    | Noticed Erolcha
 17422 | Orc:2    | Killed Erolcha
 17476 | Orc:2    | Found Qehasuf's Jewellery Shoppe.
 17488 | Orc:2    | Found Vuhaedai's Jewellery Emporium.
 17524 | Orc:2    | Found a radiant altar of Vehumet.
 17556 | Orc:2    | Found Gomi's Antique Armour Emporium.
 17870 | D:12     | Reached ****** piety under Trog
 18017 | D:12     | Found a sacrificial altar of Ru.
 18153 | D:12     | Noticed Snorg
 18163 | D:12     | Killed Snorg
 18227 | D:12     | Received a gift from Trog
 18289 | D:12     | Noticed Lodul
 18292 | D:12     | Killed Lodul
 18302 | D:12     | Reached XP level 15. HP: 147/150 MP: 14/14
 18361 | D:12     | Reached skill level 10 in Armour
 18488 | D:12     | Noticed Urug
 18496 | D:12     | Killed Urug
 18802 | D:13     | Found a gate to the Vaults.
 19513 | D:14     | Found Cures's Weapon Emporium.
 19526 | D:14     | Found Hyawnene's Armour Emporium.
 19705 | D:14     | Found Lez Kehe's Weapon Shoppe.
 19828 | D:14     | Found Atyopp's Antique Armour Emporium.
 19909 | D:15     | Entered Level 15 of the Dungeon
 19951 | D:15     | Reached skill level 10 in Evocations
 20228 | D:15     | Found a frozen archway.
 20242 | IceCv    | Entered an ice cave
 20263 | IceCv    | Found a transporter.
 20278 | IceCv    | Found a transporter.
 20676 | D:15     | Found a staircase to the Depths.
 21018 | D:14     | Identified the +8 war axe of the Iron City of Dis {vorpal,
                  | rPois Will+} (Trog gifted it to you on level 14 of the
                  | Dungeon)
 21018 | D:14     | Received a gift from Trog
 21385 | Orc:2    | Bought a scroll of enchant armour for 135 gold pieces
 21385 | Orc:2    | Bought a scroll of enchant armour for 135 gold pieces
 21493 | Orc:1    | Found a transporter.
 21511 | Orc:1    | Found a one-way gate to the infinite horrors of the Abyss.
 21527 | Orc:1    | Killed blexxed's ghost
 21533 | Orc:1    | Killed an orc warlord
 21580 | Orc:1    | Reached XP level 16. HP: 132/162 MP: 15/15
 21844 | Swamp:1  | Entered Level 1 of the Swamp
 22041 | Swamp:1  | Identified the +2 robe of Xom's Favour {-Cast rElec rC+
                  | Str+4}
 22055 | Swamp:1  | You fall into a shaft and drop 1 floor!
 22067 | Swamp:2  | Noticed a thorn hunter
 22072 | Swamp:2  | Killed a thorn hunter
 22522 | Swamp:1  | Reached skill level 15 in Dodging
 22703 | Swamp:1  | Noticed Jorgrun
 22717 | Swamp:1  | Killed Jorgrun
 22740 | Swamp:1  | Acquired a manual of Dodging
 23045 | Swamp:2  | Received a gift from Trog
 23507 | Swamp:3  | Noticed a thorn hunter
 23517 | Swamp:3  | Killed a thorn hunter
 23649 | Swamp:3  | Noticed Mara
 23657 | Swamp:3  | Noticed tilp's illusion
 23674 | Swamp:3  | Noticed tilp's illusion
 23681 | Swamp:3  | Killed Mara
 24021 | Swamp:3  | Identified the +1 leather armour "Ikuritowa" {Harm rC+
                  | Slay-5}
 24291 | Snake:1  | Entered Level 1 of the Snake Pit
 24778 | Snake:1  | Identified Roxanne's Excursus on Sculpting
 24778 | Snake:1  | Noticed Roxanne
 25302 | Snake:1  | Received a gift from Trog
 25528 | Snake:1  | Killed Roxanne
 25701 | Snake:2  | Noticed Vashnia
 25845 | Snake:2  | Reached XP level 17. HP: 171/171 MP: 16/16
 25856 | Snake:2  | Killed Vashnia
 26512 | Snake:2  | You fall into a shaft and drop 1 floor!
 26590 | Snake:2  | Received a gift from Trog
 26715 | Snake:3  | Noticed Nikola
 26729 | Snake:3  | Killed Nikola
 26965 | Snake:3  | Upgraded the game from 0.29.0-7-g18a832c13a to
                  | 0.29.0-10-g45618ea6d2
 27058 | Snake:3  | Noticed Bai Suzhen
 27067 | Snake:3  | Killed Bai Suzhen
 27343 | Snake:3  | Found a runed translucent door.
 27351 | Snake:3  | Noticed PigKeeper's ghost (adept TeBe)
 27364 | Snake:3  | Killed PigKeeper's ghost
 27365 | Snake:3  | Reached skill level 1 in Shields
 27419 | Snake:4  | Entered Level 4 of the Snake Pit
 27559 | Abyss:1  | Cast into level 1 of the Abyss (salamander)
 27884 | Snake:4  | Escaped the Abyss
 28192 | Snake:4  | Found Zyus's CLEARANCE SALE!.
 28609 | Snake:4  | Received a gift from Trog
 28610 | Snake:4  | Reached XP level 18. HP: 87/182 MP: 17/17
 29225 | Snake:4  | Reached skill level 5 in Shields
 29592 | Snake:4  | Got a serpentine rune of Zot
 29816 | Swamp:4  | Entered Level 4 of the Swamp
 29856 | Swamp:4  | Identified the +12 broad axe "Juhunir" {vorpal, rC- Will+
                  | SInv Stlth+} (Trog gifted it to you on level 4 of the
                  | Swamp)
 29856 | Swamp:4  | Received a gift from Trog
 30275 | Swamp:4  | Identified the +1 leather armour of Ucwig {Rampage rElec
                  | rN+++ Int-4}
 31890 | Swamp:4  | Noticed a bone dragon
 31900 | Swamp:4  | Killed a bone dragon
 31926 | Swamp:4  | Got a decaying rune of Zot
 32276 | Elf:1    | Entered Level 1 of the Elven Halls
 32300 | Elf:1    | Found Naisimp's Jewellery Shoppe.
 32346 | Elf:1    | Found a crumbling gateway.
 32381 | Desolati | Entered the Desolation of Salt
 33145 | Desolati | Reached XP level 19. HP: 104/191 MP: 18/18
 33217 | Desolati | Identified the +0 plate armour of Grot {rElec Int+2 Stlth+}
 33248 | Desolati | Identified the +5 flail of Kyqah {flame, rCorr Dex+4}
 33370 | Desolati | Identified the ring "Kistrem" {rPois rCorr}
 33386 | Desolati | Received a gift from Trog
 33402 | Desolati | Identified the ring of the Lion {rPois rN+ Str+2}
 33577 | Desolati | Identified the +2 falchion "Orb Guardian's Regret" {vamp,
                  | rElec Will+}
 33873 | Elf:1    | Received a gift from Trog
 34181 | Elf:1    | Identified the +3 leather armour "Dascholir" {rElec Int+4}
 34216 | Elf:1    | Found a radiant altar of Vehumet.
 34883 | Elf:2    | Identified the +1 plate armour "Nihimuas" {Int+2 Slay+2}
 34965 | Elf:2    | Reached skill level 10 in Throwing
 35158 | Elf:2    | Received a gift from Trog
 35188 | Elf:2    | Found a runed translucent gate.
 35188 | Elf:2    | Found a runed translucent gate.
 35190 | Elf:2    | Found a runed translucent gate.
 35338 | Elf:1    | Found a shimmering blue altar of Sif Muna.
 35544 | Vaults:1 | Entered Level 1 of the Vaults
 35942 | Vaults:1 | Reached skill level 10 in Shields
 36217 | Vaults:1 | Reached XP level 20. HP: 186/200 MP: 19/19
 36320 | Vaults:1 | Received a gift from Trog
 36734 | Vaults:1 | Reached skill level 15 in Armour
 37060 | Orc:2    | Bought a scroll of magic mapping for 135 gold pieces
 37370 | Vaults:2 | Identified the +1 robe "Wam Fupriew" {rPois rF++ Int-2}
 37686 | Vaults:2 | Received a gift from Trog
 37926 | Vaults:2 | Found Vulaerche's General Store.
 37934 | Vaults:2 | Bought a scroll of magic mapping for 165 gold pieces
 38484 | Vaults:3 | Noticed Sojobo
 38495 | Vaults:3 | Paralysed by an air elemental for 1 turns
 38503 | Vaults:3 | Paralysed by an air elemental for 1 turns
 38507 | Vaults:3 | Killed Sojobo
 38892 | D:14     | Bought bloodstained shadow dragon scales for 2805 gold
                  | pieces
 38892 | D:14     | Identified the +2 shadow dragon scales of Vufitapry {Will-
                  | Str+4 Int+7 Stlth++++} (You bought it in a shop on level 14
                  | of the Dungeon)
 39175 | Vaults:3 | Received a gift from Trog
 39439 | Vaults:3 | Found a staircase to the Crypt.
 39492 | Vaults:3 | Reached skill level 15 in Evocations
 39585 | Vaults:3 | Identified the +5 hand axe "Jaeziurph" {antimagic, Str+6
                  | Dex+3} (Trog gifted it to you on level 3 of the Vaults)
 39585 | Vaults:3 | Received a gift from Trog
 39688 | Vaults:3 | Reached XP level 21. HP: 196/207 MP: 20/20
 40332 | Vaults:4 | Noticed Aizul
 40341 | Vaults:4 | Killed Aizul
 40661 | Vaults:4 | Noticed Jory
 40676 | Vaults:4 | Killed Jory
 40902 | Vaults:4 | Reached XP level 22. HP: 215/215 MP: 21/21
 40967 | Vaults:4 | Received a gift from Trog
 41043 | Vaults:4 | Found Saxeklucw's Antique Armour Shop.
 41247 | Vaults:4 | Noticed Xtahua
 41254 | Vaults:4 | Killed Xtahua
 41380 | Vaults:4 | Identified the +8 trident "Qilab" {vorpal, rPois}
 41670 | Vaults:4 | Acquired the +1 pair of gloves of the Winnowing Gods {rF+
                  | rCorr}
 41970 | Depths:1 | Entered Level 1 of the Depths
 42031 | Depths:1 | Found a gateway to Hell.
 43075 | Depths:2 | Found a one-way gate leading to the halls of Pandemonium.
 43075 | Depths:2 | Noticed Saint Roka
 43099 | Depths:2 | Gained mutation: Your magical capacity is low. (-10% MP) [a
                  | cacodemon]
 43109 | Depths:2 | Received a gift from Trog
 43117 | Depths:2 | Killed Saint Roka
 43853 | Depths:2 | Noticed the Enchantress
 43868 | Abyss:2  | Cast into level 2 of the Abyss (spriggan defender)
 43948 | Abyss:2  | Lost intelligence.
 43976 | Abyss:2  | Reached skill level 5 in Stealth
 44151 | Depths:2 | Escaped the Abyss
 44161 | Depths:2 | Received a gift from Trog
 44172 | Depths:2 | Killed the Enchantress
 44173 | Depths:2 | Reached XP level 23. HP: 183/202 MP: 15/19
 45276 | Depths:3 | Noticed a caustic shrike
 45277 | Depths:3 | Noticed a caustic shrike
 45287 | Depths:3 | Noticed a caustic shrike
 45297 | Depths:3 | Killed a caustic shrike
 45299 | Depths:3 | Noticed a caustic shrike
 45303 | Depths:3 | Killed a caustic shrike
 45312 | Depths:3 | Killed a caustic shrike
 45316 | Depths:3 | Killed a caustic shrike
 45329 | Depths:3 | Received a gift from Trog
 45331 | Depths:3 | Noticed Margery
 45856 | Depths:3 | Killed Margery
 46089 | Depths:3 | Identified the +5 hand axe of Tender Mercy {flame, Int+3
                  | Dex+4}
 46110 | Depths:3 | Received a gift from Trog
 46466 | Depths:3 | Found Cotri's Book Shop.
 46850 | Depths:4 | Entered Level 4 of the Depths
 46907 | Depths:4 | Found a one-way gateway to a ziggurat.
 47044 | Depths:4 | Found an iron altar of Okawaru.
 47323 | Depths:4 | Gained mutation: Your spells are a little easier to cast,
                  | but a little less powerful. [a cacodemon]
 47326 | Depths:4 | Gained mutation: Your magical capacity is very low. (-20%
                  | MP) [a neqoxec]
 47641 | Elf:3    | Entered Level 3 of the Elven Halls
 47851 | Elf:3    | Found Atwo's Jewellery Shoppe.
 47862 | Elf:3    | Identified the +1 ring mail of Exclusion {Will+ Dex+2}
 48189 | Elf:3    | Identified the +3 dagger "Conservator" {flame, rN++}
 48561 | Elf:3    | Received a gift from Trog
 48721 | Elf:3    | Identified the +7 great mace of Doaxuoreri {venom, Dex+2}
 48721 | Elf:3    | Identified the +0 robe of Impatience {rC- Dex+6 Stlth+}
 48729 | Elf:3    | Reached XP level 24. HP: 226/237 MP: 5/17
 48735 | Elf:3    | Identified the +7 spear of the Dead {vamp, rF- rC++}
 48744 | Elf:3    | Identified the +4 flail "Killer Bee's Bane" {vorpal, Will++
                  | rCorr MP+9 Int+3}
 48749 | Elf:3    | Identified the amulet of Jegiup {Reflect Harm Dex+2 SH+5}
 49097 | Elf:3    | Identified the +11 short sword "Quxkob" {freeze, rC+ Will+
                  | Dex-4}
 49157 | Elf:3    | Identified the +6 arbalest "Grom" {elec, rPois rN+ Dex-3}
 49569 | D:7      | Bought a scroll of teleportation for 33 gold pieces
 49569 | D:7      | Bought a scroll of teleportation for 33 gold pieces
 49569 | D:7      | Bought a scroll of teleportation for 33 gold pieces
 49812 | Orc:2    | Bought a scroll of teleportation for 54 gold pieces
 49812 | Orc:2    | Bought a scroll of teleportation for 54 gold pieces
 50090 | Vaults:4 | Bought a pair of glowing gloves for 240 gold pieces
 50377 | Orc:2    | Bought the ring "Uridiwk" {*Corrode rElec rF+ Will+ Dex+6}
                  | for 741 gold pieces
 50661 | Vaults:5 | Entered Level 5 of the Vaults
 50699 | Vaults:5 | Received a gift from Trog
 51070 | Vaults:5 | Identified the +1 scale mail of Zin's Reproof {rPois rN+
                  | Int+3}
 51080 | Vaults:5 | Noticed a dread lich
 51098 | Vaults:5 | Killed a dread lich
 51194 | Vaults:5 | Noticed a dread lich
 51214 | Vaults:5 | Killed a dread lich
 51215 | Vaults:5 | Reached skill level 15 in Throwing
 51327 | Vaults:5 | Received a gift from Trog
 51620 | Vaults:5 | Identified the amulet "Cempit" {Reflect Fragile rC+ Regen+
                  | Int+9 SH+5}
 51751 | Vaults:5 | Found Otzyu's Antique Weapon Shoppe.
 51871 | Vaults:5 | Noticed a dread lich
 51885 | Vaults:5 | Killed a dread lich
 52199 | Vaults:5 | Noticed a dread lich
 52217 | Vaults:5 | Killed a dread lich
 52419 | Vaults:5 | Identified the +9 great mace "Riklireesu" {vorpal, Will++
                  | Stlth-}
 52419 | Vaults:5 | Identified the ring of Desertification {rC+ rN++ Will+++
                  | Int-3 Slay-4}
 52420 | Vaults:5 | Identified the +7 great mace of Prescription {speed, rF+
                  | Int+3 Dex+4}
 52420 | Vaults:5 | Identified the ring "Posuocw" {rF+ Int+4}
 52507 | Vaults:5 | Identified the +4 ring mail of the Morning Star {rC+ SInv}
 52509 | Vaults:5 | Got a silver rune of Zot
 52515 | Vaults:5 | Identified the +7 glaive of Inflation {spect, rN+}
 52801 | Vaults:5 | Received a gift from Trog
 53042 | Crypt:1  | Entered Level 1 of the Crypt
 54089 | Crypt:1  | Reached XP level 25. HP: 237/247 MP: 17/17
 54761 | Crypt:2  | Identified the +5 war axe of the Onslaught {speed, Str+2}
 54980 | Crypt:2  | Received a gift from Trog
 55236 | Crypt:2  | Noticed Donald
 55244 | Crypt:2  | Killed Donald
 55354 | Crypt:3  | Entered Level 3 of the Crypt
 55640 | Crypt:3  | Identified the +6 battleaxe "Orelazu" {vorpal, rN+ Will+
                  | Stlth-} (Trog gifted it to you on level 3 of the Crypt)
 55640 | Crypt:3  | Received a gift from Trog
 55675 | Crypt:3  | Found an ancient bone altar of Kikubaaqudgha.
 56337 | Crypt:3  | Found a staircase to the Tomb.
 56344 | Crypt:3  | Received a gift from Trog
 56345 | Crypt:3  | Reached skill level 27 in Axes
 56469 | Crypt:3  | Identified the +1 war axe "Giasoh" {freeze, Str+2}
 57318 | Depths:4 | Gained mutation: Potions are less effective at restoring
                  | your health. [a cacodemon]
 57908 | Depths:4 | Found a gate to the Realm of Zot.
 59074 | Zot:1    | Entered Level 1 of the Realm of Zot
 59363 | Zot:3    | You fall into a shaft and drop 1 floor!
 59468 | Zot:4    | Received a gift from Trog
 59792 | Zot:4    | Reached XP level 26. HP: 239/257 MP: 5/17
 59865 | Zot:4    | Identified the +10 great sword of Valuable Assets {vorpal,
                  | *Slow Will+ MP+9 Dex+3}
 59971 | Zot:5    | Entered Level 5 of the Realm of Zot
 59991 | Zot:5    | Found a transporter.
 59993 | Zot:5    | Found a transporter.
 60020 | Zot:5    | Found a transporter.
 60022 | Zot:5    | Found a transporter.
 60082 | Zot:5    | Found a transporter.
 60114 | Zot:5    | Found a transporter.
 60718 | Zot:5    | Noticed an ancient lich
 60738 | Zot:5    | Killed an ancient lich
 60881 | Zot:5    | Noticed an orb of fire
 60883 | Zot:5    | Gained mutation: You are frail. (-10% HP) [an orb of fire]
 60885 | Zot:5    | Gained mutation: Your magical capacity is extremely low.
                  | (-30% MP) [an orb of fire]
 60898 | Zot:5    | Killed an orb of fire
 61026 | Zot:5    | Noticed an orb of fire
 61032 | Zot:5    | Gained mutation: You are clumsy. (Dex -2) [an orb of fire]
 61033 | Zot:5    | Noticed an ancient lich
 61042 | Zot:5    | Killed an orb of fire
 61047 | Zot:5    | Killed an ancient lich
 61183 | Zot:5    | Noticed an orb of fire
 61204 | Zot:5    | Killed an orb of fire
 61254 | Zot:5    | Noticed an orb of fire
 61254 | Zot:5    | Noticed a dread lich
 61257 | Zot:5    | Noticed an ancient lich
 61258 | Zot:5    | Noticed an orb of fire
 61788 | Zot:5    | Noticed an orb of fire
 61790 | Zot:5    | Gained mutation: You occasionally shout uncontrollably at
                  | your foes. [an orb of fire]
 61797 | Zot:5    | Gained mutation: You are dopey. (Int -2) [an orb of fire]
 61809 | Zot:5    | Killed an orb of fire
 62124 | Zot:5    | Gained mutation: Your spells are easier to cast, but less
                  | powerful. [an orb of fire]
 62140 | Zot:5    | Killed an orb of fire
 62220 | Zot:5    | Received a gift from Trog
 62380 | Zot:5    | Noticed an ancient lich
 62391 | Zot:5    | Killed an ancient lich
 62504 | Zot:5    | Got the Orb of Zot
 62611 | Zot:4    | Found the +4 dragonskin cloak
 62611 | Zot:4    | Noticed Tiamat
 62626 | Zot:4    | Killed Tiamat
 62627 | Zot:4    | Reached skill level 27 in Fighting
 63227 | D:2      | Noticed Xuinneq the pandemonium lord
 63238 | D:2      | Killed Xuinneq the pandemonium lord
 63278 | D:2      | Noticed Alakuiwo the pandemonium lord
 63300 | D:2      | Killed Alakuiwo the pandemonium lord
 63481 | D:1      | Noticed Cidd the pandemonium lord
 63503 | D:1      | Killed Cidd the pandemonium lord
 63573 | D:$      | Escaped with the Orb!

Illustrated notes

Levels and vault maps discovered:
D:1:      dpeg_arrival_three_bigger_balls, layout_basic
D:2:      layout_loops_ring, ebering_ecumenical_altar_rust, serial_shops,
          nicolae_shop_stone, small_statue_intersection, serial_park_tiny_2,
          uniq_natasha, uniq_terence
D:3:      layout_basic, tgw_sif, mainiacjoe_overflow_24_doors,
          kennysheep_another_room
D:4:      layout_basic, minmay_temple_entry_butterflies
D:5:      layout_loops_cross, minivault_1, uniq_duvessa, uniq_eustachio
D:6:      layout_cave_pods, nemelex_xobeh_ov_fountains_minmay, uniq_pikel
D:7:      layout_loops_cross, dancing_weapons_uskayaw, trog_wizard,
          gammafunk_temple_overflow_wave, serial_shops, shop_fountains
D:8:      layout_loops_ring, xom_shifter_show,
          lemuel_mausoleum_altar_yredelemnul, minmay_strange_pillars,
          eino_small_chamber_without_monster, kennysheep_generic_room_10
D:9:      minmay_s_stair_smasher, layout_basic, erik_lair_island, uniq_joseph
D:10:     layout_gridville, serial_shops, shop_fountains
D:11:     layout_basic, orc_0_dummy, serial_shops, nicolae_shop_trees,
          nicolae_qazlal_general_emergency
D:12:     layout_irregular_city, serial_park_tiny_2, hangedman_ru_absence,
          uniq_snorg, uniq_lodul, uniq_urug
D:13:     layout_basic, ximxim_vaults_locker_room
D:14:     kennysheep_tiny_hell, layout_long_grid, dreamdust_princess_bridge,
          serial_shops, nicolae_shop_bloodbath_and_beyond, shop, shop,
          nicolae_shop_waterfront, nicolae_shop_stone, grunt_decor_one_mirror,
          minmay_unpleasant_kobolds
D:15:     gammafunk_enter_depths_forms, layout_long_grid,
          portal_ice_cave_entry_dragon
Lair:1:   layout_concentric_octagons, grunt_megastairs_5, lemuel_fruit_tree
Lair:2:   layout_cellular_growth, basic_altar, nzn_masters_of_martial_movement,
          serial_bayou_shore_b
Lair:3:   layout_loops_ring, skrybe_swamp_entry_bodies
Lair:4:   layout_hall_layers, serial_bayou_pond_d, uniq_kirke
Lair:5:   grunt_lair_end_beastmaster, layout_cave_pods,
          minmay_slime_entry_jelly_boxes, gauntlet_entry_generic,
          serial_bayou_shore_a, uniq_nessos
Swamp:1:  layout_basic_swamp, evilmike_swamp_ruin_rubble_2, uniq_jorgrun
Swamp:2:  layout_falls_marsh, nicolae_swamp_very_dense_foliage
Swamp:3:  layout_basic_swamp, serial_swamp_ruin, evilmike_swamp_ruin_house_6,
          evilmike_swamp_ruin_house_4, evilmike_swamp_ruin_house_2, swamp_pool3,
          uniq_mara
Swamp:4:  swamp_pestilence, layout_basic_swamp, swamp_pool4,
          evilmike_swamp_ruin_house_3, infiniplex_staircase_pool
Snake:1:  layout_chambers, nicolae_snake_gridmaze_waves, uniq_roxanne
Snake:2:  layout_onion, grunt_megastairs_3, serial_bayou_shore_b, uniq_vashnia
Snake:3:  layout_rooms, ebering_ghost_reflecting_pool, uniq_nikola,
          uniq_bai_suzhen
Snake:4:  grunt_snake_rune_spirals, layout_concentric_octagons,
          nicolae_shop_clearance
Orc:1:    layout_diamond_mine, gammafunk_ghost_abyssal_escape, serial_shops,
          shop, uniq_josephine, uniq_fannar
Orc:2:    kennysheep_orc_mage_school, layout_diamond_mine
Elf:1:    eino_elf_arrival_the_gate, layout_loops_cross, basic_altar,
          portal_desolation_entry_nicolae_slug, serial_shops, shop,
          minmay_elf_sorcery, fountainhead, lemuel_upstairs_altar
Elf:2:    nicolae_elf_blades_splatter_lattice
          [nicolae_blade_entry_floor_patterns], layout_geoelf_octagon
Elf:3:    minmay_elf_hall_furrowed, layout_geoelf_castle, serial_shops,
          nicolae_square_shop
Vaults:1: nicolae_vaults_quartermaster, hangedman_vaults_slice,
          nicolae_vaults_network_square, hangedman_vaults_snaps,
          vaults_dpeg_encased_lava, v_misc_13, vaults_dpeg_diagonal,
          vaults_room_grunt_arrival_checkpoint, v_misc_13,
          nicolae_vaults_big_angled_halls, v_misc_10, layout_vaults_omnibox
Vaults:2: vaults_room_door_hall, vaults_dpeg_cross, nicolae_vaults_little_ls,
          vaults_standard_mumra_lines, v_misc_11,
          ontoclasm_vaults_decontamination, hangedman_vaults_trim,
          layout_vaults_big_room, serial_shops, shop_statue
Vaults:3: v_alt_pattern_4, vaults_room_ringed_pool, v_misc_13,
          nicolae_vaults_theta, nicolae_vaults_little_squares_4,
          nicolae_vaults_little_squares_2, minmay_crypt_entry_simple_walls,
          ontoclasm_vaults_shuriken, nicolae_vaults_arrows,
          hangedman_vaults_slice, ontoclasm_vaults_loading_screen,
          nicolae_vaults_little_squares_4, layout_vaults_omnicross, uniq_sojobo
Vaults:4: nicolae_vaults_little_squares_6, v_misc_11, vaults_mumra_minichess,
          vaults_room_door_hall, hangedman_vaults_stream,
          nicolae_vaults_sealed_display, v_misc_1, layout_vaults_omnigrid,
          serial_shops, nicolae_shop_trees, uniq_jory, uniq_aizul, uniq_xtahua
Vaults:5
Crypt:1:  layout_gridlike
Crypt:2:  layout_basic, uniq_donald
Crypt:3:  grunt_crypt_end_deaths_head
Depths:1: layout_gridville, hell_entry, chequers_serial_rivers_small_3,
          kilobyte_rumbling_trees, serial_bayou_shore_b
Depths:2: minmay_textured_paths, layout_honeycomb, rand_demon_pan_entry_8,
          hangedman_geh_valley, roderic_roman_lattice, uniq_saint_roka,
          uniq_enchantress
Depths:3: grunt_x_marks_the_spot, layout_basic, minmay_room_of_horrors,
          grunt_hell_entry_dis_mu, serial_shops, nicolae_square_shop,
          hellmonk_bongcloud_opening, lemuel_flamethrower_2,
          infiniplex_staircase_pool_2, uniq_margery
Depths:4: evilmike_zot_entry_argh, layout_gridlike, enter_ziggurat_a,
          grunt_hell_entry_demonic_statue, dreamdust_wishing_well, st_stairs_5,
          okawaru_ov_weapons_minmay
Zot:1:    layout_basic
Zot:2:    grunt_zot_stairs_faceoff, layout_onion_interference
Zot:3:    layout_basic
Zot:4:    layout_gridlike, uniq_tiamat
Zot:5:    layout_gridlike, serial_nicolae_subway, nicolae_sub_station_crystal,
          nicolae_sub_station_metal, nicolae_sub_station_stone

Skill      XL: |  1  2  3  4  5  6  7  8  9 10 11 12 13 14 15 16 17 18 19 20 21 22 23 24 25 26 |
---------------+-------------------------------------------------------------------------------+-----
Axes           | 4 5 6 7 8 9 10 11 12 14 17 18 20 21 22 23 25 27 | 27.0
Fighting       | 4 6 8 9 12 14 18 20 21 22 23 24 26 27 | 27.0
Throwing       | 1 2 3 4 5 6 7 8 10 12 13 16 | 16.0
Stealth        | 1 2 3 4 5 7 8 |  8.0
Armour         | 3 4 5 6 7 8 9 10 11 12 14 17 19 20 22 | 22.0
Dodging        | 3 4 5 6 7 8 9 10 11 13 16 17 18 20 21 22 23 | 23.6
Evocations     | 2 4 6 7 8 9 10 11 12 13 15 17 | 17.0
Shields        | 3 7 10 12 | 12.0

Action                   |  1- 3 |  4- 6 |  7- 9 | 10-12 | 13-15 | 16-18 | 19-21 | 22-24 | 25-27 || total
-------------------------+-------+-------+-------+-------+-------+-------+-------+-------+-------++-------
Melee: Hand axe          |    59 |    93 |   239 |   265 |       |       |       |       |       ||   656
       Headbutt          |     6 |    18 |    43 |   123 |   153 |   249 |   234 |   401 |   373 ||  1600
       Punch             |     1 |       |       |       |       |       |       |       |       ||     1
       War axe           |       |       |       |   292 |     3 |       |       |       |       ||   295
       Broad axe         |       |       |       |       |   773 |  1069 |   927 |  1309 |   617 ||  4695
       Executioner's axe |       |       |       |       |       |    11 |       |   145 |   564 ||   720
Throw: Dart              |       |       |     3 |     5 |     2 |       |       |       |       ||    10
       Boomerang         |       |       |       |       |       |     6 |     6 |     6 |       ||    18
Invok: Berserk           |     1 |     2 |     2 |     4 |    12 |    17 |     8 |    20 |    17 ||    83
       Trog's Hand       |       |       |       |     1 |     2 |     2 |     3 |     4 |     9 ||    21
       Brothers in Arms  |       |       |       |     1 |     1 |     6 |     2 |     1 |     1 ||    12
Evoke: Wand              |       |       |       |    12 |     7 |     1 |     1 |       |     2 ||    23
       Box of beasts     |       |       |       |       |     1 |     4 |       |     3 |     2 ||    10
       Phantom mirror    |       |       |       |       |       |     3 |       |     3 |     2 ||     8
       Lightning rod     |       |       |       |       |       |       |       |     4 |       ||     4
       Phial of floods   |       |       |       |       |       |       |       |     1 |     1 ||     2
       Condenser vane    |       |       |       |       |       |       |       |     1 |     2 ||     3
  Use: Scroll            |     5 |     9 |     6 |     6 |     8 |     9 |     4 |     9 |    13 ||    69
       Potion            |       |       |       |     1 |       |     3 |     3 |     1 |    18 ||    26
 Stab: Sleeping          |       |       |     1 |     6 |     2 |     2 |       |       |       ||    11
       Distracted        |       |       |       |       |     5 |     3 |     1 |     2 |       ||    11
Armor: Ring mail         |    21 |     5 |   126 |   280 |   425 |   260 |       |       |       ||  1117
       Animal skin       |     3 |       |       |       |       |       |       |       |       ||     3
       Scale mail        |       |    33 |     2 |       |       |       |       |       |       ||    35
       Plate armour      |       |       |       |       |       |   304 |   387 |   603 |   171 ||  1465
       Gold dragon scale |       |       |       |       |       |       |       |       |   286 ||   286
Dodge: Dodged            |    27 |    39 |   129 |   310 |   401 |   470 |   287 |   522 |   478 ||  2663
Block: Kite shield       |     8 |    27 |    72 |   145 |   196 |   412 |   463 |   675 |   472 ||  2470
       Reflection        |       |       |       |       |       |    39 |    39 |    25 |     4 ||   107
       Other             |       |       |       |       |       |       |       |       |    72 ||    72
